Workbook
Name BonusRP: Data!#REF!
Name BonusRP: Data!#REF!
Name EconType: Data!$A$2:$A$5
Name EconVar: Data!$A$2:$B$5
Name NumPlanets: Data!#REF!
Name NumPlanets: Data!#REF!
Name Prewarp: Data!$A$7:$A$8
Name RPBonus: Data!$K$2:$L$101
Name RPTable: Data!$H$2:$I$17
Name WorldStatus: Data!$E$2:$E$4
Name WorldType: Data!$E$5:$E$17

Sheet Report
B1: SECTOR INCOME OVERVIEW | H1: SECTOR SUMMARY
B3: Sector (Name) | C3: Sector (#) | D3: Total Worlds | E3: FSR | F3: Date | H3: No. Planets/Planet Bonus RP | K3: =SUM(D4:D21) -> 23 | L3: =IF(K3<101,VLOOKUP(K3,RPBonus,2),600) -> 100
B4: Sol | C4: 001 | D4: ='Sol 001'!M19 -> 7 | E4: ='Sol 001'!M22 -> 1726.4 | F4: 2213 | H4: Initial Nation Revenue | L4: =SUM(E4:E21)+L3 -> 4298.4
B5: Alpha Centauri | C5: 002 | D5: ='Alpha Centauri 002'!M19 -> 8 | E5: ='Alpha Centauri 002'!M22 -> 1236 | H5: Tax Rate %/INR modifier | K5: 30 | L5: =SUM(K5-30)/100+1 -> 1
B6: Sigma Draconis | C6: 003 | D6: ='Sigma Draconis 003'!M19 -> 8 | E6: ='Sigma Draconis 003'!M22 -> 1236 | H6: Total Tax Revenue | L6: =SUM(L4*L5) -> 4298.4
B7: Terra Nova | C7: 004 | H7: Economy Type | K7: Peacetime | L7: =VLOOKUP(K7,EconVar,2) -> 0.5
C8: 005 | H8: Modified Tax Revenue | L8: =SUM(L6*L7) -> 2149.2
C9: 006 | H9: Defense Budget | K9: 0.2 | L9: =SUM(L8*K9) -> 429.84
C10: 007
C11: 008
C12: 009
C13: 010
C14: 011
C15: 012
C16: 013
C17: 014
C18: 015
C19: 016
C20: 017
C21: 018
... C53: 050

Sheet Sol 001
A1: SECTOR INCOME BY PLANET
A3: Planet | B3: System | C3: World Status | D3: World Type | E3: Pre-warp? | F3: Capital | G3: Other? | H3: Base RP | I3: Mod | J3: Mod RPs | L3: Sector Statistics | O3: Annual Flux Table
A4: Earth (Sol III) | B4: Sol | C4: Nation Capital | D4: Major Industrial World | F4: =IF(LEFT(C4,6)="Nation","Nation",IF(LEFT(C4,6)="Sector","Sector","")) -> Nation | H4: =IF(F4="Sector",VLOOKUP(C4,RPTable,2),IF(AND(C4="",D4=""),"",IF(AND(D4="Other",G4<>""),VLOOKUP(D4,RPTable,2),IF(D4<>"Other",VLOOKUP(D4,RPTable,2),"")))) -> 400 | I4: =IF(AND(C4="",D4=""),"",IF(E4="Yes",0.75,IF(AND(D4="Other",G4<>""),SUM(H4*G4)-H4,0))) -> 0 | J4: =IF(AND(C4="",D4=""),"",IF(E4="Yes",SUM(H4*I4),H4+I4)) -> 400 | L4: Major Industrial Worlds | M4: =COUNTIFS(D4:D13,"Major Industrial World") -> 2 | N4: =SUM(M4*100) -> 200 | O4: Roll 1d10: | P4: Flux Amount
A5: Luna (Sol IIIa) | B5: Sol | D5: Colony (Stage 9) | F5: =IF(LEFT(C5,6)="Nation","Nation",IF(LEFT(C5,6)="Sector","Sector","")) | H5: =IF(F5="Sector",VLOOKUP(C5,RPTable,2),IF(AND(C5="",D5=""),"",IF(AND(D5="Other",G5<>""),VLOOKUP(D5,RPTable,2),IF(D5<>"Other",VLOOKUP(D5,RPTable,2),"")))) -> 180 | I5: =IF(AND(C5="",D5=""),"",IF(E5="Yes",0.75,IF(AND(D5="Other",G5<>""),SUM(H5*G5)-H5,0))) -> 0 | J5: =IF(AND(C5="",D5=""),"",IF(E5="Yes",SUM(H5*I5),H5+I5)) -> 180 | L5: Minor Industrial Worlds | M5: =COUNTIFS(D4:D13,"Minor Industrial World") -> 3 | N5: =SUM(M5*50) -> 150 | O5: 1 | P5: Current value -3d6%
A6: Mars (Sol IV) | B6: Sol | D6: Minor Industrial World | F6: =IF(LEFT(C6,6)="Nation","Nation",IF(LEFT(C6,6)="Sector","Sector","")) | H6: =IF(F6="Sector",VLOOKUP(C6,RPTable,2),IF(AND(C6="",D6=""),"",IF(AND(D6="Other",G6<>""),VLOOKUP(D6,RPTable,2),IF(D6<>"Other",VLOOKUP(D6,RPTable,2),"")))) -> 200 | I6: =IF(AND(C6="",D6=""),"",IF(E6="Yes",0.75,IF(AND(D6="Other",G6<>""),SUM(H6*G6)-H6,0))) -> 0 | J6: =IF(AND(C6="",D6=""),"",IF(E6="Yes",SUM(H6*I6),H6+I6)) -> 200 | L6: Colony (Stage 9) | M6: =COUNTIFS(D4:D13,"Colony (Stage 9)") -> 1 | N6: =SUMIF(D4:D13,L6,(H4:H13)) -> 180 | O6: 2 | P6: Current value -2d6%
A7: Jupiter Station | B7: Sol | D7: Minor Industrial World | F7: =IF(LEFT(C7,6)="Nation","Nation",IF(LEFT(C7,6)="Sector","Sector","")) | H7: =IF(F7="Sector",VLOOKUP(C7,RPTable,2),IF(AND(C7="",D7=""),"",IF(AND(D7="Other",G7<>""),VLOOKUP(D7,RPTable,2),IF(D7<>"Other",VLOOKUP(D7,RPTable,2),"")))) -> 200 | I7: =IF(AND(C7="",D7=""),"",IF(E7="Yes",0.75,IF(AND(D7="Other",G7<>""),SUM(H7*G7)-H7,0))) -> 0 | J7: =IF(AND(C7="",D7=""),"",IF(E7="Yes",SUM(H7*I7),H7+I7)) -> 200 | L7: Colony (Stage 8) | M7: =COUNTIFS(D4:D13,"Colony (Stage 8)") -> 0 | N7: =SUMIF(D4:D13,L7,(H4:H13)) -> 0 | O7: 3 | P7: Current value -1d6%
A8: Memory Alpha | B8: F-0902-02 | D8: Other | F8: =IF(LEFT(C8,6)="Nation","Nation",IF(LEFT(C8,6)="Sector","Sector","")) | G8: 3 | H8: =IF(F8="Sector",VLOOKUP(C8,RPTable,2),IF(AND(C8="",D8=""),"",IF(AND(D8="Other",G8<>""),VLOOKUP(D8,RPTable,2),IF(D8<>"Other",VLOOKUP(D8,RPTable,2),"")))) -> 10 | I8: =IF(AND(C8="",D8=""),"",IF(E8="Yes",0.75,IF(AND(D8="Other",G8<>""),SUM(H8*G8)-H8,0))) -> 20 | J8: =IF(AND(C8="",D8=""),"",IF(E8="Yes",SUM(H8*I8),H8+I8)) -> 30 | L8: Colony (Stage 7) | M8: =COUNTIFS(D4:D13,"Colony (Stage 7)") -> 0 | N8: =SUMIF(D4:D13,L8,(H4:H13)) -> 0 | O8: 4 | P8: Current value -1d6/2%
A9: Arcturus | B9: Alpha Bootis | D9: Minor Industrial World | E9: Yes | F9: =IF(LEFT(C9,6)="Nation","Nation",IF(LEFT(C9,6)="Sector","Sector","")) | H9: =IF(F9="Sector",VLOOKUP(C9,RPTable,2),IF(AND(C9="",D9=""),"",IF(AND(D9="Other",G9<>""),VLOOKUP(D9,RPTable,2),IF(D9<>"Other",VLOOKUP(D9,RPTable,2),"")))) -> 200 | I9: =IF(AND(C9="",D9=""),"",IF(E9="Yes",0.75,IF(AND(D9="Other",G9<>""),SUM(H9*G9)-H9,0))) -> 0.75 | J9: =IF(AND(C9="",D9=""),"",IF(E9="Yes",SUM(H9*I9),H9+I9)) -> 150 | L9: Colony (Stage 6) | M9: =COUNTIFS(D4:D13,"Colony (Stage 6)") -> 0 | N9: =SUMIF(D4:D13,L9,(H4:H13)) -> 0 | O9: 5 | P9: No change
A10: Fomalhaut | B10: Alpha Piscus Australia | C10: Sector Capital (Major) | D10: Major Industrial World | F10: =IF(LEFT(C10,6)="Nation","Nation",IF(LEFT(C10,6)="Sector","Sector","")) -> Sector | H10: =IF(F10="Sector",VLOOKUP(C10,RPTable,2),IF(AND(C10="",D10=""),"",IF(AND(D10="Other",G10<>""),VLOOKUP(D10,RPTable,2),IF(D10<>"Other",VLOOKUP(D10,RPTable,2),"")))) -> 500 | I10: =IF(AND(C10="",D10=""),"",IF(E10="Yes",0.75,IF(AND(D10="Other",G10<>""),SUM(H10*G10)-H10,0))) -> 0 | J10: =IF(AND(C10="",D10=""),"",IF(E10="Yes",SUM(H10*I10),H10+I10)) -> 500 | L10: Colony (Stage 5) | M10: =COUNTIFS(D4:D13,"Colony (Stage 5)") -> 0 | N10: =SUMIF(D4:D13,L10,(H4:H13)) -> 0 | O10: 6 | P10: No change
F11: =IF(LEFT(C11,6)="Nation","Nation",IF(LEFT(C11,6)="Sector","Sector","")) | H11: =IF(F11="Sector",VLOOKUP(C11,RPTable,2),IF(AND(C11="",D11=""),"",IF(AND(D11="Other",G11<>""),VLOOKUP(D11,RPTable,2),IF(D11<>"Other",VLOOKUP(D11,RPTable,2),"")))) | I11: =IF(AND(C11="",D11=""),"",IF(E11="Yes",0.75,IF(AND(D11="Other",G11<>""),SUM(H11*G11)-H11,0))) | J11: =IF(AND(C11="",D11=""),"",IF(E11="Yes",SUM(H11*I11),H11+I11)) | L11: Colony (Stage 4) | M11: =COUNTIFS(D4:D13,"Colony (Stage 4)") -> 0 | N11: =SUMIF(D4:D13,L11,(H4:H13)) -> 0 | O11: 7 | P11: Current value + 1d6/2%
F12: =IF(LEFT(C12,6)="Nation","Nation",IF(LEFT(C12,6)="Sector","Sector","")) | H12: =IF(F12="Sector",VLOOKUP(C12,RPTable,2),IF(AND(C12="",D12=""),"",IF(AND(D12="Other",G12<>""),VLOOKUP(D12,RPTable,2),IF(D12<>"Other",VLOOKUP(D12,RPTable,2),"")))) | I12: =IF(AND(C12="",D12=""),"",IF(E12="Yes",0.75,IF(AND(D12="Other",G12<>""),SUM(H12*G12)-H12,0))) | J12: =IF(AND(C12="",D12=""),"",IF(E12="Yes",SUM(H12*I12),H12+I12)) | L12: Colony (Stage 3) | M12: =COUNTIFS(D4:D13,"Colony (Stage 3)") -> 0 | N12: =SUMIF(D4:D13,L12,(H4:H13)) -> 0 | O12: 8 | P12: Current value + 1d6%
F13: =IF(LEFT(C13,6)="Nation","Nation",IF(LEFT(C13,6)="Sector","Sector","")) | H13: =IF(F13="Sector",VLOOKUP(C13,RPTable,2),IF(AND(C13="",D13=""),"",IF(AND(D13="Other",G13<>""),VLOOKUP(D13,RPTable,2),IF(D13<>"Other",VLOOKUP(D13,RPTable,2),"")))) | I13: =IF(AND(C13="",D13=""),"",IF(E13="Yes",0.75,IF(AND(D13="Other",G13<>""),SUM(H13*G13)-H13,0))) | J13: =IF(AND(C13="",D13=""),"",IF(E13="Yes",SUM(H13*I13),H13+I13)) | L13: Colony (Stage 2) | M13: =COUNTIFS(D4:D13,"Colony (Stage 2)") -> 0 | N13: =SUMIF(D4:D13,L13,(H4:H13)) -> 0 | O13: 9 | P13: Current value + 2d6%
F14: =IF(LEFT(C14,6)="Nation","Nation",IF(LEFT(C14,6)="Sector","Sector","")) | H14: =IF(F14="Sector",VLOOKUP(C14,RPTable,2),IF(AND(C14="",D14=""),"",IF(AND(D14="Other",G14<>""),VLOOKUP(D14,RPTable,2),IF(D14<>"Other",VLOOKUP(D14,RPTable,2),"")))) | I14: =IF(AND(C14="",D14=""),"",IF(E14="Yes",0.75,IF(AND(D14="Other",G14<>""),SUM(H14*G14)-H14,0))) | J14: =IF(AND(C14="",D14=""),"",IF(E14="Yes",SUM(H14*I14),H14+I14)) | L14: Colony (Stage 1) | M14: =COUNTIFS(D4:D13,"Colony (Stage 1)") -> 0 | O14: 10 | P14: Current value +3d6%
F15: =IF(LEFT(C15,6)="Nation","Nation",IF(LEFT(C15,6)="Sector","Sector","")) | H15: =IF(F15="Sector",VLOOKUP(C15,RPTable,2),IF(AND(C15="",D15=""),"",IF(AND(D15="Other",G15<>""),VLOOKUP(D15,RPTable,2),IF(D15<>"Other",VLOOKUP(D15,RPTable,2),"")))) | I15: =IF(AND(C15="",D15=""),"",IF(E15="Yes",0.75,IF(AND(D15="Other",G15<>""),SUM(H15*G15)-H15,0))) | J15: =IF(AND(C15="",D15=""),"",IF(E15="Yes",SUM(H15*I15),H15+I15)) | L15: Other | M15: =COUNTIFS(D4:D13,"Other") -> 1 | N15: =SUMIF(D4:D13,"Other",(H4:H13)) -> 10 | O15: Modifiers (cumulative)
F16: =IF(LEFT(C16,6)="Nation","Nation",IF(LEFT(C16,6)="Sector","Sector","")) | H16: =IF(F16="Sector",VLOOKUP(C16,RPTable,2),IF(AND(C16="",D16=""),"",IF(AND(D16="Other",G16<>""),VLOOKUP(D16,RPTable,2),IF(D16<>"Other",VLOOKUP(D16,RPTable,2),"")))) | I16: =IF(AND(C16="",D16=""),"",IF(E16="Yes",0.75,IF(AND(D16="Other",G16<>""),SUM(H16*G16)-H16,0))) | J16: =IF(AND(C16="",D16=""),"",IF(E16="Yes",SUM(H16*I16),H16+I16)) | L16: Non-Resource | M16: =COUNTIFS(D4:D13,"Non-Resource") -> 0 | O16: -2 | P16: Major/minor military actions (5+ worlds) in sector
F17: =IF(LEFT(C17,6)="Nation","Nation",IF(LEFT(C17,6)="Sector","Sector","")) | H17: =IF(F17="Sector",VLOOKUP(C17,RPTable,2),IF(AND(C17="",D17=""),"",IF(AND(D17="Other",G17<>""),VLOOKUP(D17,RPTable,2),IF(D17<>"Other",VLOOKUP(D17,RPTable,2),"")))) | I17: =IF(AND(C17="",D17=""),"",IF(E17="Yes",0.75,IF(AND(D17="Other",G17<>""),SUM(H17*G17)-H17,0))) | J17: =IF(AND(C17="",D17=""),"",IF(E17="Yes",SUM(H17*I17),H17+I17)) | L17: Pre-Warp | M17: =COUNTIFS(D4:D13,"Pre-Warp") -> 0 | O17: -1 | P17: Minor military actions (1-4 worlds) in sector
F18: =IF(LEFT(C18,6)="Nation","Nation",IF(LEFT(C18,6)="Sector","Sector","")) | H18: =IF(F18="Sector",VLOOKUP(C18,RPTable,2),IF(AND(C18="",D18=""),"",IF(AND(D18="Other",G18<>""),VLOOKUP(D18,RPTable,2),IF(D18<>"Other",VLOOKUP(D18,RPTable,2),"")))) | I18: =IF(AND(C18="",D18=""),"",IF(E18="Yes",0.75,IF(AND(D18="Other",G18<>""),SUM(H18*G18)-H18,0))) | J18: =IF(AND(C18="",D18=""),"",IF(E18="Yes",SUM(H18*I18),H18+I18)) | N18: =SUM(N6:N13) -> 180 | O18: -1 | P18: Occupation-style empire (Klingon, Cardassian)
F19: =IF(LEFT(C19,6)="Nation","Nation",IF(LEFT(C19,6)="Sector","Sector","")) | H19: =IF(F19="Sector",VLOOKUP(C19,RPTable,2),IF(AND(C19="",D19=""),"",IF(AND(D19="Other",G19<>""),VLOOKUP(D19,RPTable,2),IF(D19<>"Other",VLOOKUP(D19,RPTable,2),"")))) | I19: =IF(AND(C19="",D19=""),"",IF(E19="Yes",0.75,IF(AND(D19="Other",G19<>""),SUM(H19*G19)-H19,0))) | J19: =IF(AND(C19="",D19=""),"",IF(E19="Yes",SUM(H19*I19),H19+I19)) | L19: Total Number of Planets | M19: =SUM(M4:M18) -> 7 | N19: =SUM(N15) -> 10 | O19: -1 | P19: Last year's change was -15% or more
F20: =IF(LEFT(C20,6)="Nation","Nation",IF(LEFT(C20,6)="Sector","Sector","")) | H20: =IF(F20="Sector",VLOOKUP(C20,RPTable,2),IF(AND(C20="",D20=""),"",IF(AND(D20="Other",G20<>""),VLOOKUP(D20,RPTable,2),IF(D20<>"Other",VLOOKUP(D20,RPTable,2),"")))) | I20: =IF(AND(C20="",D20=""),"",IF(E20="Yes",0.75,IF(AND(D20="Other",G20<>""),SUM(H20*G20)-H20,0))) | J20: =IF(AND(C20="",D20=""),"",IF(E20="Yes",SUM(H20*I20),H20+I20)) | L20: Initial Sector Revenue | M20: =SUM(J4:J63) -> 1660 | N20: =SUM(N18:N19) -> 190 | O20: 0 | P20: Corporate-style empire (Romulan)
F21: =IF(LEFT(C21,6)="Nation","Nation",IF(LEFT(C21,6)="Sector","Sector","")) | H21: =IF(F21="Sector",VLOOKUP(C21,RPTable,2),IF(AND(C21="",D21=""),"",IF(AND(D21="Other",G21<>""),VLOOKUP(D21,RPTable,2),IF(D21<>"Other",VLOOKUP(D21,RPTable,2),"")))) | I21: =IF(AND(C21="",D21=""),"",IF(E21="Yes",0.75,IF(AND(D21="Other",G21<>""),SUM(H21*G21)-H21,0))) | J21: =IF(AND(C21="",D21=""),"",IF(E21="Yes",SUM(H21*I21),H21+I21)) | L21: Flux Amount | M21: 0.04 | O21: 1 | P21: UFP-style confederation
F22: =IF(LEFT(C22,6)="Nation","Nation",IF(LEFT(C22,6)="Sector","Sector","")) | H22: =IF(F22="Sector",VLOOKUP(C22,RPTable,2),IF(AND(C22="",D22=""),"",IF(AND(D22="Other",G22<>""),VLOOKUP(D22,RPTable,2),IF(D22<>"Other",VLOOKUP(D22,RPTable,2),"")))) | I22: =IF(AND(C22="",D22=""),"",IF(E22="Yes",0.75,IF(AND(D22="Other",G22<>""),SUM(H22*G22)-H22,0))) | J22: =IF(AND(C22="",D22=""),"",IF(E22="Yes",SUM(H22*I22),H22+I22)) | L22: Final Sector Revenue | M22: =SUM(M20+(M20*M21)) -> 1726.4 | O22: 1 | P22: Last year's change was +15% or more
F23: =IF(LEFT(C23,6)="Nation","Nation",IF(LEFT(C23,6)="Sector","Sector","")) | H23: =IF(F23="Sector",VLOOKUP(C23,RPTable,2),IF(AND(C23="",D23=""),"",IF(AND(D23="Other",G23<>""),VLOOKUP(D23,RPTable,2),IF(D23<>"Other",VLOOKUP(D23,RPTable,2),"")))) | I23: =IF(AND(C23="",D23=""),"",IF(E23="Yes",0.75,IF(AND(D23="Other",G23<>""),SUM(H23*G23)-H23,0))) | J23: =IF(AND(C23="",D23=""),"",IF(E23="Yes",SUM(H23*I23),H23+I23)) | O23: 1 | P23: Sector colony achieves Stage 2 status
F24: =IF(LEFT(C24,6)="Nation","Nation",IF(LEFT(C24,6)="Sector","Sector","")) | H24: =IF(F24="Sector",VLOOKUP(C24,RPTable,2),IF(AND(C24="",D24=""),"",IF(AND(D24="Other",G24<>""),VLOOKUP(D24,RPTable,2),IF(D24<>"Other",VLOOKUP(D24,RPTable,2),"")))) | I24: =IF(AND(C24="",D24=""),"",IF(E24="Yes",0.75,IF(AND(D24="Other",G24<>""),SUM(H24*G24)-H24,0))) | J24: =IF(AND(C24="",D24=""),"",IF(E24="Yes",SUM(H24*I24),H24+I24)) | O24: 1 | P24: Cessation of all minor military actions (from previous year)
F25: =IF(LEFT(C25,6)="Nation","Nation",IF(LEFT(C25,6)="Sector","Sector","")) | H25: =IF(F25="Sector",VLOOKUP(C25,RPTable,2),IF(AND(C25="",D25=""),"",IF(AND(D25="Other",G25<>""),VLOOKUP(D25,RPTable,2),IF(D25<>"Other",VLOOKUP(D25,RPTable,2),"")))) | I25: =IF(AND(C25="",D25=""),"",IF(E25="Yes",0.75,IF(AND(D25="Other",G25<>""),SUM(H25*G25)-H25,0))) | J25: =IF(AND(C25="",D25=""),"",IF(E25="Yes",SUM(H25*I25),H25+I25)) | O25: 2 | P25: Cessation of all major military actions (from previous year)
F26: =IF(LEFT(C26,6)="Nation","Nation",IF(LEFT(C26,6)="Sector","Sector","")) | H26: =IF(F26="Sector",VLOOKUP(C26,RPTable,2),IF(AND(C26="",D26=""),"",IF(AND(D26="Other",G26<>""),VLOOKUP(D26,RPTable,2),IF(D26<>"Other",VLOOKUP(D26,RPTable,2),"")))) | I26: =IF(AND(C26="",D26=""),"",IF(E26="Yes",0.75,IF(AND(D26="Other",G26<>""),SUM(H26*G26)-H26,0))) | J26: =IF(AND(C26="",D26=""),"",IF(E26="Yes",SUM(H26*I26),H26+I26))
F27: =IF(LEFT(C27,6)="Nation","Nation",IF(LEFT(C27,6)="Sector","Sector","")) | H27: =IF(F27="Sector",VLOOKUP(C27,RPTable,2),IF(AND(C27="",D27=""),"",IF(AND(D27="Other",G27<>""),VLOOKUP(D27,RPTable,2),IF(D27<>"Other",VLOOKUP(D27,RPTable,2),"")))) | I27: =IF(AND(C27="",D27=""),"",IF(E27="Yes",0.75,IF(AND(D27="Other",G27<>""),SUM(H27*G27)-H27,0))) | J27: =IF(AND(C27="",D27=""),"",IF(E27="Yes",SUM(H27*I27),H27+I27))
F28: =IF(LEFT(C28,6)="Nation","Nation",IF(LEFT(C28,6)="Sector","Sector","")) | H28: =IF(F28="Sector",VLOOKUP(C28,RPTable,2),IF(AND(C28="",D28=""),"",IF(AND(D28="Other",G28<>""),VLOOKUP(D28,RPTable,2),IF(D28<>"Other",VLOOKUP(D28,RPTable,2),"")))) | I28: =IF(AND(C28="",D28=""),"",IF(E28="Yes",0.75,IF(AND(D28="Other",G28<>""),SUM(H28*G28)-H28,0))) | J28: =IF(AND(C28="",D28=""),"",IF(E28="Yes",SUM(H28*I28),H28+I28))
F29: =IF(LEFT(C29,6)="Nation","Nation",IF(LEFT(C29,6)="Sector","Sector","")) | H29: =IF(F29="Sector",VLOOKUP(C29,RPTable,2),IF(AND(C29="",D29=""),"",IF(AND(D29="Other",G29<>""),VLOOKUP(D29,RPTable,2),IF(D29<>"Other",VLOOKUP(D29,RPTable,2),"")))) | I29: =IF(AND(C29="",D29=""),"",IF(E29="Yes",0.75,IF(AND(D29="Other",G29<>""),SUM(H29*G29)-H29,0))) | J29: =IF(AND(C29="",D29=""),"",IF(E29="Yes",SUM(H29*I29),H29+I29))
F30: =IF(LEFT(C30,6)="Nation","Nation",IF(LEFT(C30,6)="Sector","Sector","")) | H30: =IF(F30="Sector",VLOOKUP(C30,RPTable,2),IF(AND(C30="",D30=""),"",IF(AND(D30="Other",G30<>""),VLOOKUP(D30,RPTable,2),IF(D30<>"Other",VLOOKUP(D30,RPTable,2),"")))) | I30: =IF(AND(C30="",D30=""),"",IF(E30="Yes",0.75,IF(AND(D30="Other",G30<>""),SUM(H30*G30)-H30,0))) | J30: =IF(AND(C30="",D30=""),"",IF(E30="Yes",SUM(H30*I30),H30+I30))
F31: =IF(LEFT(C31,6)="Nation","Nation",IF(LEFT(C31,6)="Sector","Sector","")) | H31: =IF(F31="Sector",VLOOKUP(C31,RPTable,2),IF(AND(C31="",D31=""),"",IF(AND(D31="Other",G31<>""),VLOOKUP(D31,RPTable,2),IF(D31<>"Other",VLOOKUP(D31,RPTable,2),"")))) | I31: =IF(AND(C31="",D31=""),"",IF(E31="Yes",0.75,IF(AND(D31="Other",G31<>""),SUM(H31*G31)-H31,0))) | J31: =IF(AND(C31="",D31=""),"",IF(E31="Yes",SUM(H31*I31),H31+I31))
F32: =IF(LEFT(C32,6)="Nation","Nation",IF(LEFT(C32,6)="Sector","Sector","")) | H32: =IF(F32="Sector",VLOOKUP(C32,RPTable,2),IF(AND(C32="",D32=""),"",IF(AND(D32="Other",G32<>""),VLOOKUP(D32,RPTable,2),IF(D32<>"Other",VLOOKUP(D32,RPTable,2),"")))) | I32: =IF(AND(C32="",D32=""),"",IF(E32="Yes",0.75,IF(AND(D32="Other",G32<>""),SUM(H32*G32)-H32,0))) | J32: =IF(AND(C32="",D32=""),"",IF(E32="Yes",SUM(H32*I32),H32+I32))
F33: =IF(LEFT(C33,6)="Nation","Nation",IF(LEFT(C33,6)="Sector","Sector","")) | H33: =IF(F33="Sector",VLOOKUP(C33,RPTable,2),IF(AND(C33="",D33=""),"",IF(AND(D33="Other",G33<>""),VLOOKUP(D33,RPTable,2),IF(D33<>"Other",VLOOKUP(D33,RPTable,2),"")))) | I33: =IF(AND(C33="",D33=""),"",IF(E33="Yes",0.75,IF(AND(D33="Other",G33<>""),SUM(H33*G33)-H33,0))) | J33: =IF(AND(C33="",D33=""),"",IF(E33="Yes",SUM(H33*I33),H33+I33))
F34: =IF(LEFT(C34,6)="Nation","Nation",IF(LEFT(C34,6)="Sector","Sector","")) | H34: =IF(F34="Sector",VLOOKUP(C34,RPTable,2),IF(AND(C34="",D34=""),"",IF(AND(D34="Other",G34<>""),VLOOKUP(D34,RPTable,2),IF(D34<>"Other",VLOOKUP(D34,RPTable,2),"")))) | I34: =IF(AND(C34="",D34=""),"",IF(E34="Yes",0.75,IF(AND(D34="Other",G34<>""),SUM(H34*G34)-H34,0))) | J34: =IF(AND(C34="",D34=""),"",IF(E34="Yes",SUM(H34*I34),H34+I34))
F35: =IF(LEFT(C35,6)="Nation","Nation",IF(LEFT(C35,6)="Sector","Sector","")) | H35: =IF(F35="Sector",VLOOKUP(C35,RPTable,2),IF(AND(C35="",D35=""),"",IF(AND(D35="Other",G35<>""),VLOOKUP(D35,RPTable,2),IF(D35<>"Other",VLOOKUP(D35,RPTable,2),"")))) | I35: =IF(AND(C35="",D35=""),"",IF(E35="Yes",0.75,IF(AND(D35="Other",G35<>""),SUM(H35*G35)-H35,0))) | J35: =IF(AND(C35="",D35=""),"",IF(E35="Yes",SUM(H35*I35),H35+I35))
F36: =IF(LEFT(C36,6)="Nation","Nation",IF(LEFT(C36,6)="Sector","Sector","")) | H36: =IF(F36="Sector",VLOOKUP(C36,RPTable,2),IF(AND(C36="",D36=""),"",IF(AND(D36="Other",G36<>""),VLOOKUP(D36,RPTable,2),IF(D36<>"Other",VLOOKUP(D36,RPTable,2),"")))) | I36: =IF(AND(C36="",D36=""),"",IF(E36="Yes",0.75,IF(AND(D36="Other",G36<>""),SUM(H36*G36)-H36,0))) | J36: =IF(AND(C36="",D36=""),"",IF(E36="Yes",SUM(H36*I36),H36+I36))
F37: =IF(LEFT(C37,6)="Nation","Nation",IF(LEFT(C37,6)="Sector","Sector","")) | H37: =IF(F37="Sector",VLOOKUP(C37,RPTable,2),IF(AND(C37="",D37=""),"",IF(AND(D37="Other",G37<>""),VLOOKUP(D37,RPTable,2),IF(D37<>"Other",VLOOKUP(D37,RPTable,2),"")))) | I37: =IF(AND(C37="",D37=""),"",IF(E37="Yes",0.75,IF(AND(D37="Other",G37<>""),SUM(H37*G37)-H37,0))) | J37: =IF(AND(C37="",D37=""),"",IF(E37="Yes",SUM(H37*I37),H37+I37))
... F63: =IF(LEFT(C63,6)="Nation","Nation",IF(LEFT(C63,6)="Sector","Sector","")) | H63: =IF(F63="Sector",VLOOKUP(C63,RPTable,2),IF(AND(C63="",D63=""),"",IF(AND(D63="Other",G63<>""),VLOOKUP(D63,RPTable,2),IF(D63<>"Other",VLOOKUP(D63,RPTable,2),"")))) | I63: =IF(AND(C63="",D63=""),"",IF(E63="Yes",0.75,IF(AND(D63="Other",G63<>""),SUM(H63*G63)-H63,0))) | J63: =IF(AND(C63="",D63=""),"",IF(E63="Yes",SUM(H63*I63),H63+I63))

Sheet Alpha Centauri 002
A1: SECTOR INCOME BY PLANET
A3: Planet | B3: System | C3: World Status | D3: World Type | E3: Pre-warp? | F3: Capital | G3: Other? | H3: Base RP | I3: Mod | J3: Mod RPs | L3: Sector Statistics
A4: Ankaa | B4: Alpha Phoenicis | D4: Colony (Stage 1) | F4: =IF(LEFT(C4,6)="Nation","Nation",IF(LEFT(C4,6)="Sector","Sector","")) | H4: =IF(F4="Sector",VLOOKUP(C4,RPTable,2),IF(AND(C4="",D4=""),"",IF(AND(D4="Other",G4<>""),VLOOKUP(D4,RPTable,2),IF(D4<>"Other",VLOOKUP(D4,RPTable,2),"")))) -> -30 | I4: =IF(AND(C4="",D4=""),"",IF(E4="Yes",0.75,IF(AND(D4="Other",G4<>""),SUM(H4*G4)-H4,0))) -> 0 | J4: =IF(AND(C4="",D4=""),"",IF(E4="Yes",SUM(H4*I4),H4+I4)) -> -30 | L4: Major Industrial Worlds | M4: =COUNTIFS(D4:D13,"Major Industrial World") -> 1 | N4: =SUM(M4*100) -> 100
A5: Benzite | B5: Beta Hydri | D5: Minor Industrial World | F5: =IF(LEFT(C5,6)="Nation","Nation",IF(LEFT(C5,6)="Sector","Sector","")) | H5: =IF(F5="Sector",VLOOKUP(C5,RPTable,2),IF(AND(C5="",D5=""),"",IF(AND(D5="Other",G5<>""),VLOOKUP(D5,RPTable,2),IF(D5<>"Other",VLOOKUP(D5,RPTable,2),"")))) -> 200 | I5: =IF(AND(C5="",D5=""),"",IF(E5="Yes",0.75,IF(AND(D5="Other",G5<>""),SUM(H5*G5)-H5,0))) -> 0 | J5: =IF(AND(C5="",D5=""),"",IF(E5="Yes",SUM(H5*I5),H5+I5)) -> 200 | L5: Minor Industrial Worlds | M5: =COUNTIFS(D4:D13,"Minor Industrial World") -> 3 | N5: =SUM(M5*50) -> 150 | O5: =SUM(N4:N5) -> 250
A6: Benxar | B6: Beta Hydri | D6: Colony (Stage 9) | F6: =IF(LEFT(C6,6)="Nation","Nation",IF(LEFT(C6,6)="Sector","Sector","")) | H6: =IF(F6="Sector",VLOOKUP(C6,RPTable,2),IF(AND(C6="",D6=""),"",IF(AND(D6="Other",G6<>""),VLOOKUP(D6,RPTable,2),IF(D6<>"Other",VLOOKUP(D6,RPTable,2),"")))) -> 180 | I6: =IF(AND(C6="",D6=""),"",IF(E6="Yes",0.75,IF(AND(D6="Other",G6<>""),SUM(H6*G6)-H6,0))) -> 0 | J6: =IF(AND(C6="",D6=""),"",IF(E6="Yes",SUM(H6*I6),H6+I6)) -> 180 | L6: Colony (Stage 9) | M6: =COUNTIFS(D4:D13,"Colony (Stage 9)") -> 1 | N6: =SUMIF(D4:D13,L6,(H4:H13)) -> 180
A7: Draylax | B7: Epsilon Indi | D7: Minor Industrial World | E7: Yes | F7: =IF(LEFT(C7,6)="Nation","Nation",IF(LEFT(C7,6)="Sector","Sector","")) | H7: =IF(F7="Sector",VLOOKUP(C7,RPTable,2),IF(AND(C7="",D7=""),"",IF(AND(D7="Other",G7<>""),VLOOKUP(D7,RPTable,2),IF(D7<>"Other",VLOOKUP(D7,RPTable,2),"")))) -> 200 | I7: =IF(AND(C7="",D7=""),"",IF(E7="Yes",0.75,IF(AND(D7="Other",G7<>""),SUM(H7*G7)-H7,0))) -> 0.75 | J7: =IF(AND(C7="",D7=""),"",IF(E7="Yes",SUM(H7*I7),H7+I7)) -> 150 | L7: Colony (Stage 8) | M7: =COUNTIFS(D4:D13,"Colony (Stage 8)") -> 0 | N7: =SUMIF(D4:D13,L7,(H4:H13)) -> 0
A8: Alpha Centauri Prime | B8: Alpha Centauri | C8: Sector Capital (Major) | D8: Major Industrial World | F8: =IF(LEFT(C8,6)="Nation","Nation",IF(LEFT(C8,6)="Sector","Sector","")) -> Sector | H8: =IF(F8="Sector",VLOOKUP(C8,RPTable,2),IF(AND(C8="",D8=""),"",IF(AND(D8="Other",G8<>""),VLOOKUP(D8,RPTable,2),IF(D8<>"Other",VLOOKUP(D8,RPTable,2),"")))) -> 500 | I8: =IF(AND(C8="",D8=""),"",IF(E8="Yes",0.75,IF(AND(D8="Other",G8<>""),SUM(H8*G8)-H8,0))) -> 0 | J8: =IF(AND(C8="",D8=""),"",IF(E8="Yes",SUM(H8*I8),H8+I8)) -> 500 | L8: Colony (Stage 7) | M8: =COUNTIFS(D4:D13,"Colony (Stage 7)") -> 0 | N8: =SUMIF(D4:D13,L8,(H4:H13)) -> 0
A9: Babel | B9: Wolf 424 | D9: Non-resource | F9: =IF(LEFT(C9,6)="Nation","Nation",IF(LEFT(C9,6)="Sector","Sector","")) | H9: =IF(F9="Sector",VLOOKUP(C9,RPTable,2),IF(AND(C9="",D9=""),"",IF(AND(D9="Other",G9<>""),VLOOKUP(D9,RPTable,2),IF(D9<>"Other",VLOOKUP(D9,RPTable,2),"")))) -> 0 | I9: =IF(AND(C9="",D9=""),"",IF(E9="Yes",0.75,IF(AND(D9="Other",G9<>""),SUM(H9*G9)-H9,0))) -> 0 | J9: =IF(AND(C9="",D9=""),"",IF(E9="Yes",SUM(H9*I9),H9+I9)) -> 0 | L9: Colony (Stage 6) | M9: =COUNTIFS(D4:D13,"Colony (Stage 6)") -> 0 | N9: =SUMIF(D4:D13,L9,(H4:H13)) -> 0
A10: Lalande Prime | B10: Lalande | D10: Minor Industrial World | F10: =IF(LEFT(C10,6)="Nation","Nation",IF(LEFT(C10,6)="Sector","Sector","")) | H10: =IF(F10="Sector",VLOOKUP(C10,RPTable,2),IF(AND(C10="",D10=""),"",IF(AND(D10="Other",G10<>""),VLOOKUP(D10,RPTable,2),IF(D10<>"Other",VLOOKUP(D10,RPTable,2),"")))) -> 200 | I10: =IF(AND(C10="",D10=""),"",IF(E10="Yes",0.75,IF(AND(D10="Other",G10<>""),SUM(H10*G10)-H10,0))) -> 0 | J10: =IF(AND(C10="",D10=""),"",IF(E10="Yes",SUM(H10*I10),H10+I10)) -> 200 | L10: Colony (Stage 5) | M10: =COUNTIFS(D4:D13,"Colony (Stage 5)") -> 0 | N10: =SUMIF(D4:D13,L10,(H4:H13)) -> 0
A11: Oputu | B11: rogue | D11: Non-resource | F11: =IF(LEFT(C11,6)="Nation","Nation",IF(LEFT(C11,6)="Sector","Sector","")) | H11: =IF(F11="Sector",VLOOKUP(C11,RPTable,2),IF(AND(C11="",D11=""),"",IF(AND(D11="Other",G11<>""),VLOOKUP(D11,RPTable,2),IF(D11<>"Other",VLOOKUP(D11,RPTable,2),"")))) -> 0 | I11: =IF(AND(C11="",D11=""),"",IF(E11="Yes",0.75,IF(AND(D11="Other",G11<>""),SUM(H11*G11)-H11,0))) -> 0 | J11: =IF(AND(C11="",D11=""),"",IF(E11="Yes",SUM(H11*I11),H11+I11)) -> 0 | L11: Colony (Stage 4) | M11: =COUNTIFS(D4:D13,"Colony (Stage 4)") -> 0 | N11: =SUMIF(D4:D13,L11,(H4:H13)) -> 0
F12: =IF(LEFT(C12,6)="Nation","Nation",IF(LEFT(C12,6)="Sector","Sector","")) | H12: =IF(F12="Sector",VLOOKUP(C12,RPTable,2),IF(AND(C12="",D12=""),"",IF(AND(D12="Other",G12<>""),VLOOKUP(D12,RPTable,2),IF(D12<>"Other",VLOOKUP(D12,RPTable,2),"")))) | I12: =IF(AND(C12="",D12=""),"",IF(E12="Yes",0.75,IF(AND(D12="Other",G12<>""),SUM(H12*G12)-H12,0))) | J12: =IF(AND(C12="",D12=""),"",IF(E12="Yes",SUM(H12*I12),H12+I12)) | L12: Colony (Stage 3) | M12: =COUNTIFS(D4:D13,"Colony (Stage 3)") -> 0 | N12: =SUMIF(D4:D13,L12,(H4:H13)) -> 0
F13: =IF(LEFT(C13,6)="Nation","Nation",IF(LEFT(C13,6)="Sector","Sector","")) | H13: =IF(F13="Sector",VLOOKUP(C13,RPTable,2),IF(AND(C13="",D13=""),"",IF(AND(D13="Other",G13<>""),VLOOKUP(D13,RPTable,2),IF(D13<>"Other",VLOOKUP(D13,RPTable,2),"")))) | I13: =IF(AND(C13="",D13=""),"",IF(E13="Yes",0.75,IF(AND(D13="Other",G13<>""),SUM(H13*G13)-H13,0))) | J13: =IF(AND(C13="",D13=""),"",IF(E13="Yes",SUM(H13*I13),H13+I13)) | L13: Colony (Stage 2) | M13: =COUNTIFS(D4:D13,"Colony (Stage 2)") -> 0 | N13: =SUMIF(D4:D13,L13,(H4:H13)) -> 0
F14: =IF(LEFT(C14,6)="Nation","Nation",IF(LEFT(C14,6)="Sector","Sector","")) | H14: =IF(F14="Sector",VLOOKUP(C14,RPTable,2),IF(AND(C14="",D14=""),"",IF(AND(D14="Other",G14<>""),VLOOKUP(D14,RPTable,2),IF(D14<>"Other",VLOOKUP(D14,RPTable,2),"")))) | I14: =IF(AND(C14="",D14=""),"",IF(E14="Yes",0.75,IF(AND(D14="Other",G14<>""),SUM(H14*G14)-H14,0))) | J14: =IF(AND(C14="",D14=""),"",IF(E14="Yes",SUM(H14*I14),H14+I14)) | L14: Colony (Stage 1) | M14: =COUNTIFS(D4:D13,"Colony (Stage 1)") -> 1
F15: =IF(LEFT(C15,6)="Nation","Nation",IF(LEFT(C15,6)="Sector","Sector","")) | H15: =IF(F15="Sector",VLOOKUP(C15,RPTable,2),IF(AND(C15="",D15=""),"",IF(AND(D15="Other",G15<>""),VLOOKUP(D15,RPTable,2),IF(D15<>"Other",VLOOKUP(D15,RPTable,2),"")))) | I15: =IF(AND(C15="",D15=""),"",IF(E15="Yes",0.75,IF(AND(D15="Other",G15<>""),SUM(H15*G15)-H15,0))) | J15: =IF(AND(C15="",D15=""),"",IF(E15="Yes",SUM(H15*I15),H15+I15)) | L15: Other | M15: =COUNTIFS(D4:D13,"Other") -> 0 | N15: =SUMIF(D4:D13,"Other",(H4:H13)) -> 0
F16: =IF(LEFT(C16,6)="Nation","Nation",IF(LEFT(C16,6)="Sector","Sector","")) | H16: =IF(F16="Sector",VLOOKUP(C16,RPTable,2),IF(AND(C16="",D16=""),"",IF(AND(D16="Other",G16<>""),VLOOKUP(D16,RPTable,2),IF(D16<>"Other",VLOOKUP(D16,RPTable,2),"")))) | I16: =IF(AND(C16="",D16=""),"",IF(E16="Yes",0.75,IF(AND(D16="Other",G16<>""),SUM(H16*G16)-H16,0))) | J16: =IF(AND(C16="",D16=""),"",IF(E16="Yes",SUM(H16*I16),H16+I16)) | L16: Non-Resource | M16: =COUNTIFS(D4:D13,"Non-Resource") -> 2
F17: =IF(LEFT(C17,6)="Nation","Nation",IF(LEFT(C17,6)="Sector","Sector","")) | H17: =IF(F17="Sector",VLOOKUP(C17,RPTable,2),IF(AND(C17="",D17=""),"",IF(AND(D17="Other",G17<>""),VLOOKUP(D17,RPTable,2),IF(D17<>"Other",VLOOKUP(D17,RPTable,2),"")))) | I17: =IF(AND(C17="",D17=""),"",IF(E17="Yes",0.75,IF(AND(D17="Other",G17<>""),SUM(H17*G17)-H17,0))) | J17: =IF(AND(C17="",D17=""),"",IF(E17="Yes",SUM(H17*I17),H17+I17)) | L17: Pre-Warp | M17: =COUNTIFS(D4:D13,"Pre-Warp") -> 0
F18: =IF(LEFT(C18,6)="Nation","Nation",IF(LEFT(C18,6)="Sector","Sector","")) | H18: =IF(F18="Sector",VLOOKUP(C18,RPTable,2),IF(AND(C18="",D18=""),"",IF(AND(D18="Other",G18<>""),VLOOKUP(D18,RPTable,2),IF(D18<>"Other",VLOOKUP(D18,RPTable,2),"")))) | I18: =IF(AND(C18="",D18=""),"",IF(E18="Yes",0.75,IF(AND(D18="Other",G18<>""),SUM(H18*G18)-H18,0))) | J18: =IF(AND(C18="",D18=""),"",IF(E18="Yes",SUM(H18*I18),H18+I18)) | N18: =SUM(N6:N13) -> 180
F19: =IF(LEFT(C19,6)="Nation","Nation",IF(LEFT(C19,6)="Sector","Sector","")) | H19: =IF(F19="Sector",VLOOKUP(C19,RPTable,2),IF(AND(C19="",D19=""),"",IF(AND(D19="Other",G19<>""),VLOOKUP(D19,RPTable,2),IF(D19<>"Other",VLOOKUP(D19,RPTable,2),"")))) | I19: =IF(AND(C19="",D19=""),"",IF(E19="Yes",0.75,IF(AND(D19="Other",G19<>""),SUM(H19*G19)-H19,0))) | J19: =IF(AND(C19="",D19=""),"",IF(E19="Yes",SUM(H19*I19),H19+I19)) | L19: Total Number of Planets | M19: =SUM(M4:M18) -> 8 | N19: =SUM(N15) -> 0
F20: =IF(LEFT(C20,6)="Nation","Nation",IF(LEFT(C20,6)="Sector","Sector","")) | H20: =IF(F20="Sector",VLOOKUP(C20,RPTable,2),IF(AND(C20="",D20=""),"",IF(AND(D20="Other",G20<>""),VLOOKUP(D20,RPTable,2),IF(D20<>"Other",VLOOKUP(D20,RPTable,2),"")))) | I20: =IF(AND(C20="",D20=""),"",IF(E20="Yes",0.75,IF(AND(D20="Other",G20<>""),SUM(H20*G20)-H20,0))) | J20: =IF(AND(C20="",D20=""),"",IF(E20="Yes",SUM(H20*I20),H20+I20)) | L20: Initial Sector Revenue | M20: =SUM(J4:J63) -> 1200 | N20: =SUM(N18:N19) -> 180 | O20: =SUM(N20/2) -> 90
F21: =IF(LEFT(C21,6)="Nation","Nation",IF(LEFT(C21,6)="Sector","Sector","")) | H21: =IF(F21="Sector",VLOOKUP(C21,RPTable,2),IF(AND(C21="",D21=""),"",IF(AND(D21="Other",G21<>""),VLOOKUP(D21,RPTable,2),IF(D21<>"Other",VLOOKUP(D21,RPTable,2),"")))) | I21: =IF(AND(C21="",D21=""),"",IF(E21="Yes",0.75,IF(AND(D21="Other",G21<>""),SUM(H21*G21)-H21,0))) | J21: =IF(AND(C21="",D21=""),"",IF(E21="Yes",SUM(H21*I21),H21+I21)) | L21: Flux Amount | M21: 0.03 | O21: =SUM(O4:O20) -> 340
F22: =IF(LEFT(C22,6)="Nation","Nation",IF(LEFT(C22,6)="Sector","Sector","")) | H22: =IF(F22="Sector",VLOOKUP(C22,RPTable,2),IF(AND(C22="",D22=""),"",IF(AND(D22="Other",G22<>""),VLOOKUP(D22,RPTable,2),IF(D22<>"Other",VLOOKUP(D22,RPTable,2),"")))) | I22: =IF(AND(C22="",D22=""),"",IF(E22="Yes",0.75,IF(AND(D22="Other",G22<>""),SUM(H22*G22)-H22,0))) | J22: =IF(AND(C22="",D22=""),"",IF(E22="Yes",SUM(H22*I22),H22+I22)) | L22: Final Sector Revenue | M22: =SUM(M20+(M20*M21)) -> 1236
F23: =IF(LEFT(C23,6)="Nation","Nation",IF(LEFT(C23,6)="Sector","Sector","")) | H23: =IF(F23="Sector",VLOOKUP(C23,RPTable,2),IF(AND(C23="",D23=""),"",IF(AND(D23="Other",G23<>""),VLOOKUP(D23,RPTable,2),IF(D23<>"Other",VLOOKUP(D23,RPTable,2),"")))) | I23: =IF(AND(C23="",D23=""),"",IF(E23="Yes",0.75,IF(AND(D23="Other",G23<>""),SUM(H23*G23)-H23,0))) | J23: =IF(AND(C23="",D23=""),"",IF(E23="Yes",SUM(H23*I23),H23+I23))
F24: =IF(LEFT(C24,6)="Nation","Nation",IF(LEFT(C24,6)="Sector","Sector","")) | H24: =IF(F24="Sector",VLOOKUP(C24,RPTable,2),IF(AND(C24="",D24=""),"",IF(AND(D24="Other",G24<>""),VLOOKUP(D24,RPTable,2),IF(D24<>"Other",VLOOKUP(D24,RPTable,2),"")))) | I24: =IF(AND(C24="",D24=""),"",IF(E24="Yes",0.75,IF(AND(D24="Other",G24<>""),SUM(H24*G24)-H24,0))) | J24: =IF(AND(C24="",D24=""),"",IF(E24="Yes",SUM(H24*I24),H24+I24))
F25: =IF(LEFT(C25,6)="Nation","Nation",IF(LEFT(C25,6)="Sector","Sector","")) | H25: =IF(F25="Sector",VLOOKUP(C25,RPTable,2),IF(AND(C25="",D25=""),"",IF(AND(D25="Other",G25<>""),VLOOKUP(D25,RPTable,2),IF(D25<>"Other",VLOOKUP(D25,RPTable,2),"")))) | I25: =IF(AND(C25="",D25=""),"",IF(E25="Yes",0.75,IF(AND(D25="Other",G25<>""),SUM(H25*G25)-H25,0))) | J25: =IF(AND(C25="",D25=""),"",IF(E25="Yes",SUM(H25*I25),H25+I25))
F26: =IF(LEFT(C26,6)="Nation","Nation",IF(LEFT(C26,6)="Sector","Sector","")) | H26: =IF(F26="Sector",VLOOKUP(C26,RPTable,2),IF(AND(C26="",D26=""),"",IF(AND(D26="Other",G26<>""),VLOOKUP(D26,RPTable,2),IF(D26<>"Other",VLOOKUP(D26,RPTable,2),"")))) | I26: =IF(AND(C26="",D26=""),"",IF(E26="Yes",0.75,IF(AND(D26="Other",G26<>""),SUM(H26*G26)-H26,0))) | J26: =IF(AND(C26="",D26=""),"",IF(E26="Yes",SUM(H26*I26),H26+I26))
F27: =IF(LEFT(C27,6)="Nation","Nation",IF(LEFT(C27,6)="Sector","Sector","")) | H27: =IF(F27="Sector",VLOOKUP(C27,RPTable,2),IF(AND(C27="",D27=""),"",IF(AND(D27="Other",G27<>""),VLOOKUP(D27,RPTable,2),IF(D27<>"Other",VLOOKUP(D27,RPTable,2),"")))) | I27: =IF(AND(C27="",D27=""),"",IF(E27="Yes",0.75,IF(AND(D27="Other",G27<>""),SUM(H27*G27)-H27,0))) | J27: =IF(AND(C27="",D27=""),"",IF(E27="Yes",SUM(H27*I27),H27+I27))
F28: =IF(LEFT(C28,6)="Nation","Nation",IF(LEFT(C28,6)="Sector","Sector","")) | H28: =IF(F28="Sector",VLOOKUP(C28,RPTable,2),IF(AND(C28="",D28=""),"",IF(AND(D28="Other",G28<>""),VLOOKUP(D28,RPTable,2),IF(D28<>"Other",VLOOKUP(D28,RPTable,2),"")))) | I28: =IF(AND(C28="",D28=""),"",IF(E28="Yes",0.75,IF(AND(D28="Other",G28<>""),SUM(H28*G28)-H28,0))) | J28: =IF(AND(C28="",D28=""),"",IF(E28="Yes",SUM(H28*I28),H28+I28))
F29: =IF(LEFT(C29,6)="Nation","Nation",IF(LEFT(C29,6)="Sector","Sector","")) | H29: =IF(F29="Sector",VLOOKUP(C29,RPTable,2),IF(AND(C29="",D29=""),"",IF(AND(D29="Other",G29<>""),VLOOKUP(D29,RPTable,2),IF(D29<>"Other",VLOOKUP(D29,RPTable,2),"")))) | I29: =IF(AND(C29="",D29=""),"",IF(E29="Yes",0.75,IF(AND(D29="Other",G29<>""),SUM(H29*G29)-H29,0))) | J29: =IF(AND(C29="",D29=""),"",IF(E29="Yes",SUM(H29*I29),H29+I29))
F30: =IF(LEFT(C30,6)="Nation","Nation",IF(LEFT(C30,6)="Sector","Sector","")) | H30: =IF(F30="Sector",VLOOKUP(C30,RPTable,2),IF(AND(C30="",D30=""),"",IF(AND(D30="Other",G30<>""),VLOOKUP(D30,RPTable,2),IF(D30<>"Other",VLOOKUP(D30,RPTable,2),"")))) | I30: =IF(AND(C30="",D30=""),"",IF(E30="Yes",0.75,IF(AND(D30="Other",G30<>""),SUM(H30*G30)-H30,0))) | J30: =IF(AND(C30="",D30=""),"",IF(E30="Yes",SUM(H30*I30),H30+I30))
F31: =IF(LEFT(C31,6)="Nation","Nation",IF(LEFT(C31,6)="Sector","Sector","")) | H31: =IF(F31="Sector",VLOOKUP(C31,RPTable,2),IF(AND(C31="",D31=""),"",IF(AND(D31="Other",G31<>""),VLOOKUP(D31,RPTable,2),IF(D31<>"Other",VLOOKUP(D31,RPTable,2),"")))) | I31: =IF(AND(C31="",D31=""),"",IF(E31="Yes",0.75,IF(AND(D31="Other",G31<>""),SUM(H31*G31)-H31,0))) | J31: =IF(AND(C31="",D31=""),"",IF(E31="Yes",SUM(H31*I31),H31+I31))
F32: =IF(LEFT(C32,6)="Nation","Nation",IF(LEFT(C32,6)="Sector","Sector","")) | H32: =IF(F32="Sector",VLOOKUP(C32,RPTable,2),IF(AND(C32="",D32=""),"",IF(AND(D32="Other",G32<>""),VLOOKUP(D32,RPTable,2),IF(D32<>"Other",VLOOKUP(D32,RPTable,2),"")))) | I32: =IF(AND(C32="",D32=""),"",IF(E32="Yes",0.75,IF(AND(D32="Other",G32<>""),SUM(H32*G32)-H32,0))) | J32: =IF(AND(C32="",D32=""),"",IF(E32="Yes",SUM(H32*I32),H32+I32))
F33: =IF(LEFT(C33,6)="Nation","Nation",IF(LEFT(C33,6)="Sector","Sector","")) | H33: =IF(F33="Sector",VLOOKUP(C33,RPTable,2),IF(AND(C33="",D33=""),"",IF(AND(D33="Other",G33<>""),VLOOKUP(D33,RPTable,2),IF(D33<>"Other",VLOOKUP(D33,RPTable,2),"")))) | I33: =IF(AND(C33="",D33=""),"",IF(E33="Yes",0.75,IF(AND(D33="Other",G33<>""),SUM(H33*G33)-H33,0))) | J33: =IF(AND(C33="",D33=""),"",IF(E33="Yes",SUM(H33*I33),H33+I33))
F34: =IF(LEFT(C34,6)="Nation","Nation",IF(LEFT(C34,6)="Sector","Sector","")) | H34: =IF(F34="Sector",VLOOKUP(C34,RPTable,2),IF(AND(C34="",D34=""),"",IF(AND(D34="Other",G34<>""),VLOOKUP(D34,RPTable,2),IF(D34<>"Other",VLOOKUP(D34,RPTable,2),"")))) | I34: =IF(AND(C34="",D34=""),"",IF(E34="Yes",0.75,IF(AND(D34="Other",G34<>""),SUM(H34*G34)-H34,0))) | J34: =IF(AND(C34="",D34=""),"",IF(E34="Yes",SUM(H34*I34),H34+I34))
... F63: =IF(LEFT(C63,6)="Nation","Nation",IF(LEFT(C63,6)="Sector","Sector","")) | H63: =IF(F63="Sector",VLOOKUP(C63,RPTable,2),IF(AND(C63="",D63=""),"",IF(AND(D63="Other",G63<>""),VLOOKUP(D63,RPTable,2),IF(D63<>"Other",VLOOKUP(D63,RPTable,2),"")))) | I63: =IF(AND(C63="",D63=""),"",IF(E63="Yes",0.75,IF(AND(D63="Other",G63<>""),SUM(H63*G63)-H63,0))) | J63: =IF(AND(C63="",D63=""),"",IF(E63="Yes",SUM(H63*I63),H63+I63))

Sheet Sigma Draconis 003
A1: SECTOR INCOME BY PLANET
A3: Planet | B3: System | C3: World Status | D3: World Type | E3: Pre-warp? | F3: Capital | G3: Other? | H3: Base RP | I3: Mod | J3: Mod RPs | L3: Sector Statistics
A4: Ankaa | B4: Alpha Phoenicis | D4: Colony (Stage 1) | F4: =IF(LEFT(C4,6)="Nation","Nation",IF(LEFT(C4,6)="Sector","Sector","")) | H4: =IF(F4="Sector",VLOOKUP(C4,RPTable,2),IF(AND(C4="",D4=""),"",IF(AND(D4="Other",G4<>""),VLOOKUP(D4,RPTable,2),IF(D4<>"Other",VLOOKUP(D4,RPTable,2),"")))) -> -30 | I4: =IF(AND(C4="",D4=""),"",IF(E4="Yes",0.75,IF(AND(D4="Other",G4<>""),SUM(H4*G4)-H4,0))) -> 0 | J4: =IF(AND(C4="",D4=""),"",IF(E4="Yes",SUM(H4*I4),H4+I4)) -> -30 | L4: Major Industrial Worlds | M4: =COUNTIFS(D4:D13,"Major Industrial World") -> 1 | N4: =SUM(M4*100) -> 100
A5: Benzite | B5: Beta Hydri | D5: Minor Industrial World | F5: =IF(LEFT(C5,6)="Nation","Nation",IF(LEFT(C5,6)="Sector","Sector","")) | H5: =IF(F5="Sector",VLOOKUP(C5,RPTable,2),IF(AND(C5="",D5=""),"",IF(AND(D5="Other",G5<>""),VLOOKUP(D5,RPTable,2),IF(D5<>"Other",VLOOKUP(D5,RPTable,2),"")))) -> 200 | I5: =IF(AND(C5="",D5=""),"",IF(E5="Yes",0.75,IF(AND(D5="Other",G5<>""),SUM(H5*G5)-H5,0))) -> 0 | J5: =IF(AND(C5="",D5=""),"",IF(E5="Yes",SUM(H5*I5),H5+I5)) -> 200 | L5: Minor Industrial Worlds | M5: =COUNTIFS(D4:D13,"Minor Industrial World") -> 3 | N5: =SUM(M5*50) -> 150 | O5: =SUM(N4:N5) -> 250
A6: Benxar | B6: Beta Hydri | D6: Colony (Stage 9) | F6: =IF(LEFT(C6,6)="Nation","Nation",IF(LEFT(C6,6)="Sector","Sector","")) | H6: =IF(F6="Sector",VLOOKUP(C6,RPTable,2),IF(AND(C6="",D6=""),"",IF(AND(D6="Other",G6<>""),VLOOKUP(D6,RPTable,2),IF(D6<>"Other",VLOOKUP(D6,RPTable,2),"")))) -> 180 | I6: =IF(AND(C6="",D6=""),"",IF(E6="Yes",0.75,IF(AND(D6="Other",G6<>""),SUM(H6*G6)-H6,0))) -> 0 | J6: =IF(AND(C6="",D6=""),"",IF(E6="Yes",SUM(H6*I6),H6+I6)) -> 180 | L6: Colony (Stage 9) | M6: =COUNTIFS(D4:D13,"Colony (Stage 9)") -> 1 | N6: =SUMIF(D4:D13,L6,(H4:H13)) -> 180
A7: Draylax | B7: Epsilon Indi | D7: Minor Industrial World | E7: Yes | F7: =IF(LEFT(C7,6)="Nation","Nation",IF(LEFT(C7,6)="Sector","Sector","")) | H7: =IF(F7="Sector",VLOOKUP(C7,RPTable,2),IF(AND(C7="",D7=""),"",IF(AND(D7="Other",G7<>""),VLOOKUP(D7,RPTable,2),IF(D7<>"Other",VLOOKUP(D7,RPTable,2),"")))) -> 200 | I7: =IF(AND(C7="",D7=""),"",IF(E7="Yes",0.75,IF(AND(D7="Other",G7<>""),SUM(H7*G7)-H7,0))) -> 0.75 | J7: =IF(AND(C7="",D7=""),"",IF(E7="Yes",SUM(H7*I7),H7+I7)) -> 150 | L7: Colony (Stage 8) | M7: =COUNTIFS(D4:D13,"Colony (Stage 8)") -> 0 | N7: =SUMIF(D4:D13,L7,(H4:H13)) -> 0
A8: Alpha Centauri Prime | B8: Alpha Centauri | C8: Sector Capital (Major) | D8: Major Industrial World | F8: =IF(LEFT(C8,6)="Nation","Nation",IF(LEFT(C8,6)="Sector","Sector","")) -> Sector | H8: =IF(F8="Sector",VLOOKUP(C8,RPTable,2),IF(AND(C8="",D8=""),"",IF(AND(D8="Other",G8<>""),VLOOKUP(D8,RPTable,2),IF(D8<>"Other",VLOOKUP(D8,RPTable,2),"")))) -> 500 | I8: =IF(AND(C8="",D8=""),"",IF(E8="Yes",0.75,IF(AND(D8="Other",G8<>""),SUM(H8*G8)-H8,0))) -> 0 | J8: =IF(AND(C8="",D8=""),"",IF(E8="Yes",SUM(H8*I8),H8+I8)) -> 500 | L8: Colony (Stage 7) | M8: =COUNTIFS(D4:D13,"Colony (Stage 7)") -> 0 | N8: =SUMIF(D4:D13,L8,(H4:H13)) -> 0
A9: Babel | B9: Wolf 424 | D9: Non-resource | F9: =IF(LEFT(C9,6)="Nation","Nation",IF(LEFT(C9,6)="Sector","Sector","")) | H9: =IF(F9="Sector",VLOOKUP(C9,RPTable,2),IF(AND(C9="",D9=""),"",IF(AND(D9="Other",G9<>""),VLOOKUP(D9,RPTable,2),IF(D9<>"Other",VLOOKUP(D9,RPTable,2),"")))) -> 0 | I9: =IF(AND(C9="",D9=""),"",IF(E9="Yes",0.75,IF(AND(D9="Other",G9<>""),SUM(H9*G9)-H9,0))) -> 0 | J9: =IF(AND(C9="",D9=""),"",IF(E9="Yes",SUM(H9*I9),H9+I9)) -> 0 | L9: Colony (Stage 6) | M9: =COUNTIFS(D4:D13,"Colony (Stage 6)") -> 0 | N9: =SUMIF(D4:D13,L9,(H4:H13)) -> 0
A10: Lalande Prime | B10: Lalande | D10: Minor Industrial World | F10: =IF(LEFT(C10,6)="Nation","Nation",IF(LEFT(C10,6)="Sector","Sector","")) | H10: =IF(F10="Sector",VLOOKUP(C10,RPTable,2),IF(AND(C10="",D10=""),"",IF(AND(D10="Other",G10<>""),VLOOKUP(D10,RPTable,2),IF(D10<>"Other",VLOOKUP(D10,RPTable,2),"")))) -> 200 | I10: =IF(AND(C10="",D10=""),"",IF(E10="Yes",0.75,IF(AND(D10="Other",G10<>""),SUM(H10*G10)-H10,0))) -> 0 | J10: =IF(AND(C10="",D10=""),"",IF(E10="Yes",SUM(H10*I10),H10+I10)) -> 200 | L10: Colony (Stage 5) | M10: =COUNTIFS(D4:D13,"Colony (Stage 5)") -> 0 | N10: =SUMIF(D4:D13,L10,(H4:H13)) -> 0
A11: Oputu | B11: rogue | D11: Non-resource | F11: =IF(LEFT(C11,6)="Nation","Nation",IF(LEFT(C11,6)="Sector","Sector","")) | H11: =IF(F11="Sector",VLOOKUP(C11,RPTable,2),IF(AND(C11="",D11=""),"",IF(AND(D11="Other",G11<>""),VLOOKUP(D11,RPTable,2),IF(D11<>"Other",VLOOKUP(D11,RPTable,2),"")))) -> 0 | I11: =IF(AND(C11="",D11=""),"",IF(E11="Yes",0.75,IF(AND(D11="Other",G11<>""),SUM(H11*G11)-H11,0))) -> 0 | J11: =IF(AND(C11="",D11=""),"",IF(E11="Yes",SUM(H11*I11),H11+I11)) -> 0 | L11: Colony (Stage 4) | M11: =COUNTIFS(D4:D13,"Colony (Stage 4)") -> 0 | N11: =SUMIF(D4:D13,L11,(H4:H13)) -> 0
F12: =IF(LEFT(C12,6)="Nation","Nation",IF(LEFT(C12,6)="Sector","Sector","")) | H12: =IF(F12="Sector",VLOOKUP(C12,RPTable,2),IF(AND(C12="",D12=""),"",IF(AND(D12="Other",G12<>""),VLOOKUP(D12,RPTable,2),IF(D12<>"Other",VLOOKUP(D12,RPTable,2),"")))) | I12: =IF(AND(C12="",D12=""),"",IF(E12="Yes",0.75,IF(AND(D12="Other",G12<>""),SUM(H12*G12)-H12,0))) | J12: =IF(AND(C12="",D12=""),"",IF(E12="Yes",SUM(H12*I12),H12+I12)) | L12: Colony (Stage 3) | M12: =COUNTIFS(D4:D13,"Colony (Stage 3)") -> 0 | N12: =SUMIF(D4:D13,L12,(H4:H13)) -> 0
F13: =IF(LEFT(C13,6)="Nation","Nation",IF(LEFT(C13,6)="Sector","Sector","")) | H13: =IF(F13="Sector",VLOOKUP(C13,RPTable,2),IF(AND(C13="",D13=""),"",IF(AND(D13="Other",G13<>""),VLOOKUP(D13,RPTable,2),IF(D13<>"Other",VLOOKUP(D13,RPTable,2),"")))) | I13: =IF(AND(C13="",D13=""),"",IF(E13="Yes",0.75,IF(AND(D13="Other",G13<>""),SUM(H13*G13)-H13,0))) | J13: =IF(AND(C13="",D13=""),"",IF(E13="Yes",SUM(H13*I13),H13+I13)) | L13: Colony (Stage 2) | M13: =COUNTIFS(D4:D13,"Colony (Stage 2)") -> 0 | N13: =SUMIF(D4:D13,L13,(H4:H13)) -> 0
F14: =IF(LEFT(C14,6)="Nation","Nation",IF(LEFT(C14,6)="Sector","Sector","")) | H14: =IF(F14="Sector",VLOOKUP(C14,RPTable,2),IF(AND(C14="",D14=""),"",IF(AND(D14="Other",G14<>""),VLOOKUP(D14,RPTable,2),IF(D14<>"Other",VLOOKUP(D14,RPTable,2),"")))) | I14: =IF(AND(C14="",D14=""),"",IF(E14="Yes",0.75,IF(AND(D14="Other",G14<>""),SUM(H14*G14)-H14,0))) | J14: =IF(AND(C14="",D14=""),"",IF(E14="Yes",SUM(H14*I14),H14+I14)) | L14: Colony (Stage 1) | M14: =COUNTIFS(D4:D13,"Colony (Stage 1)") -> 1
F15: =IF(LEFT(C15,6)="Nation","Nation",IF(LEFT(C15,6)="Sector","Sector","")) | H15: =IF(F15="Sector",VLOOKUP(C15,RPTable,2),IF(AND(C15="",D15=""),"",IF(AND(D15="Other",G15<>""),VLOOKUP(D15,RPTable,2),IF(D15<>"Other",VLOOKUP(D15,RPTable,2),"")))) | I15: =IF(AND(C15="",D15=""),"",IF(E15="Yes",0.75,IF(AND(D15="Other",G15<>""),SUM(H15*G15)-H15,0))) | J15: =IF(AND(C15="",D15=""),"",IF(E15="Yes",SUM(H15*I15),H15+I15)) | L15: Other | M15: =COUNTIFS(D4:D13,"Other") -> 0 | N15: =SUMIF(D4:D13,"Other",(H4:H13)) -> 0
F16: =IF(LEFT(C16,6)="Nation","Nation",IF(LEFT(C16,6)="Sector","Sector","")) | H16: =IF(F16="Sector",VLOOKUP(C16,RPTable,2),IF(AND(C16="",D16=""),"",IF(AND(D16="Other",G16<>""),VLOOKUP(D16,RPTable,2),IF(D16<>"Other",VLOOKUP(D16,RPTable,2),"")))) | I16: =IF(AND(C16="",D16=""),"",IF(E16="Yes",0.75,IF(AND(D16="Other",G16<>""),SUM(H16*G16)-H16,0))) | J16: =IF(AND(C16="",D16=""),"",IF(E16="Yes",SUM(H16*I16),H16+I16)) | L16: Non-Resource | M16: =COUNTIFS(D4:D13,"Non-Resource") -> 2
F17: =IF(LEFT(C17,6)="Nation","Nation",IF(LEFT(C17,6)="Sector","Sector","")) | H17: =IF(F17="Sector",VLOOKUP(C17,RPTable,2),IF(AND(C17="",D17=""),"",IF(AND(D17="Other",G17<>""),VLOOKUP(D17,RPTable,2),IF(D17<>"Other",VLOOKUP(D17,RPTable,2),"")))) | I17: =IF(AND(C17="",D17=""),"",IF(E17="Yes",0.75,IF(AND(D17="Other",G17<>""),SUM(H17*G17)-H17,0))) | J17: =IF(AND(C17="",D17=""),"",IF(E17="Yes",SUM(H17*I17),H17+I17)) | L17: Pre-Warp | M17: =COUNTIFS(D4:D13,"Pre-Warp") -> 0
F18: =IF(LEFT(C18,6)="Nation","Nation",IF(LEFT(C18,6)="Sector","Sector","")) | H18: =IF(F18="Sector",VLOOKUP(C18,RPTable,2),IF(AND(C18="",D18=""),"",IF(AND(D18="Other",G18<>""),VLOOKUP(D18,RPTable,2),IF(D18<>"Other",VLOOKUP(D18,RPTable,2),"")))) | I18: =IF(AND(C18="",D18=""),"",IF(E18="Yes",0.75,IF(AND(D18="Other",G18<>""),SUM(H18*G18)-H18,0))) | J18: =IF(AND(C18="",D18=""),"",IF(E18="Yes",SUM(H18*I18),H18+I18)) | N18: =SUM(N6:N13) -> 180
F19: =IF(LEFT(C19,6)="Nation","Nation",IF(LEFT(C19,6)="Sector","Sector","")) | H19: =IF(F19="Sector",VLOOKUP(C19,RPTable,2),IF(AND(C19="",D19=""),"",IF(AND(D19="Other",G19<>""),VLOOKUP(D19,RPTable,2),IF(D19<>"Other",VLOOKUP(D19,RPTable,2),"")))) | I19: =IF(AND(C19="",D19=""),"",IF(E19="Yes",0.75,IF(AND(D19="Other",G19<>""),SUM(H19*G19)-H19,0))) | J19: =IF(AND(C19="",D19=""),"",IF(E19="Yes",SUM(H19*I19),H19+I19)) | L19: Total Number of Planets | M19: =SUM(M4:M18) -> 8 | N19: =SUM(N15) -> 0
F20: =IF(LEFT(C20,6)="Nation","Nation",IF(LEFT(C20,6)="Sector","Sector","")) | H20: =IF(F20="Sector",VLOOKUP(C20,RPTable,2),IF(AND(C20="",D20=""),"",IF(AND(D20="Other",G20<>""),VLOOKUP(D20,RPTable,2),IF(D20<>"Other",VLOOKUP(D20,RPTable,2),"")))) | I20: =IF(AND(C20="",D20=""),"",IF(E20="Yes",0.75,IF(AND(D20="Other",G20<>""),SUM(H20*G20)-H20,0))) | J20: =IF(AND(C20="",D20=""),"",IF(E20="Yes",SUM(H20*I20),H20+I20)) | L20: Initial Sector Revenue | M20: =SUM(J4:J63) -> 1200 | N20: =SUM(N18:N19) -> 180 | O20: =SUM(N20/2) -> 90
F21: =IF(LEFT(C21,6)="Nation","Nation",IF(LEFT(C21,6)="Sector","Sector","")) | H21: =IF(F21="Sector",VLOOKUP(C21,RPTable,2),IF(AND(C21="",D21=""),"",IF(AND(D21="Other",G21<>""),VLOOKUP(D21,RPTable,2),IF(D21<>"Other",VLOOKUP(D21,RPTable,2),"")))) | I21: =IF(AND(C21="",D21=""),"",IF(E21="Yes",0.75,IF(AND(D21="Other",G21<>""),SUM(H21*G21)-H21,0))) | J21: =IF(AND(C21="",D21=""),"",IF(E21="Yes",SUM(H21*I21),H21+I21)) | L21: Flux Amount | M21: 0.03 | O21: =SUM(O4:O20) -> 340
F22: =IF(LEFT(C22,6)="Nation","Nation",IF(LEFT(C22,6)="Sector","Sector","")) | H22: =IF(F22="Sector",VLOOKUP(C22,RPTable,2),IF(AND(C22="",D22=""),"",IF(AND(D22="Other",G22<>""),VLOOKUP(D22,RPTable,2),IF(D22<>"Other",VLOOKUP(D22,RPTable,2),"")))) | I22: =IF(AND(C22="",D22=""),"",IF(E22="Yes",0.75,IF(AND(D22="Other",G22<>""),SUM(H22*G22)-H22,0))) | J22: =IF(AND(C22="",D22=""),"",IF(E22="Yes",SUM(H22*I22),H22+I22)) | L22: Final Sector Revenue | M22: =SUM(M20+(M20*M21)) -> 1236
F23: =IF(LEFT(C23,6)="Nation","Nation",IF(LEFT(C23,6)="Sector","Sector","")) | H23: =IF(F23="Sector",VLOOKUP(C23,RPTable,2),IF(AND(C23="",D23=""),"",IF(AND(D23="Other",G23<>""),VLOOKUP(D23,RPTable,2),IF(D23<>"Other",VLOOKUP(D23,RPTable,2),"")))) | I23: =IF(AND(C23="",D23=""),"",IF(E23="Yes",0.75,IF(AND(D23="Other",G23<>""),SUM(H23*G23)-H23,0))) | J23: =IF(AND(C23="",D23=""),"",IF(E23="Yes",SUM(H23*I23),H23+I23))
F24: =IF(LEFT(C24,6)="Nation","Nation",IF(LEFT(C24,6)="Sector","Sector","")) | H24: =IF(F24="Sector",VLOOKUP(C24,RPTable,2),IF(AND(C24="",D24=""),"",IF(AND(D24="Other",G24<>""),VLOOKUP(D24,RPTable,2),IF(D24<>"Other",VLOOKUP(D24,RPTable,2),"")))) | I24: =IF(AND(C24="",D24=""),"",IF(E24="Yes",0.75,IF(AND(D24="Other",G24<>""),SUM(H24*G24)-H24,0))) | J24: =IF(AND(C24="",D24=""),"",IF(E24="Yes",SUM(H24*I24),H24+I24))
F25: =IF(LEFT(C25,6)="Nation","Nation",IF(LEFT(C25,6)="Sector","Sector","")) | H25: =IF(F25="Sector",VLOOKUP(C25,RPTable,2),IF(AND(C25="",D25=""),"",IF(AND(D25="Other",G25<>""),VLOOKUP(D25,RPTable,2),IF(D25<>"Other",VLOOKUP(D25,RPTable,2),"")))) | I25: =IF(AND(C25="",D25=""),"",IF(E25="Yes",0.75,IF(AND(D25="Other",G25<>""),SUM(H25*G25)-H25,0))) | J25: =IF(AND(C25="",D25=""),"",IF(E25="Yes",SUM(H25*I25),H25+I25))
F26: =IF(LEFT(C26,6)="Nation","Nation",IF(LEFT(C26,6)="Sector","Sector","")) | H26: =IF(F26="Sector",VLOOKUP(C26,RPTable,2),IF(AND(C26="",D26=""),"",IF(AND(D26="Other",G26<>""),VLOOKUP(D26,RPTable,2),IF(D26<>"Other",VLOOKUP(D26,RPTable,2),"")))) | I26: =IF(AND(C26="",D26=""),"",IF(E26="Yes",0.75,IF(AND(D26="Other",G26<>""),SUM(H26*G26)-H26,0))) | J26: =IF(AND(C26="",D26=""),"",IF(E26="Yes",SUM(H26*I26),H26+I26))
F27: =IF(LEFT(C27,6)="Nation","Nation",IF(LEFT(C27,6)="Sector","Sector","")) | H27: =IF(F27="Sector",VLOOKUP(C27,RPTable,2),IF(AND(C27="",D27=""),"",IF(AND(D27="Other",G27<>""),VLOOKUP(D27,RPTable,2),IF(D27<>"Other",VLOOKUP(D27,RPTable,2),"")))) | I27: =IF(AND(C27="",D27=""),"",IF(E27="Yes",0.75,IF(AND(D27="Other",G27<>""),SUM(H27*G27)-H27,0))) | J27: =IF(AND(C27="",D27=""),"",IF(E27="Yes",SUM(H27*I27),H27+I27))
F28: =IF(LEFT(C28,6)="Nation","Nation",IF(LEFT(C28,6)="Sector","Sector","")) | H28: =IF(F28="Sector",VLOOKUP(C28,RPTable,2),IF(AND(C28="",D28=""),"",IF(AND(D28="Other",G28<>""),VLOOKUP(D28,RPTable,2),IF(D28<>"Other",VLOOKUP(D28,RPTable,2),"")))) | I28: =IF(AND(C28="",D28=""),"",IF(E28="Yes",0.75,IF(AND(D28="Other",G28<>""),SUM(H28*G28)-H28,0))) | J28: =IF(AND(C28="",D28=""),"",IF(E28="Yes",SUM(H28*I28),H28+I28))
F29: =IF(LEFT(C29,6)="Nation","Nation",IF(LEFT(C29,6)="Sector","Sector","")) | H29: =IF(F29="Sector",VLOOKUP(C29,RPTable,2),IF(AND(C29="",D29=""),"",IF(AND(D29="Other",G29<>""),VLOOKUP(D29,RPTable,2),IF(D29<>"Other",VLOOKUP(D29,RPTable,2),"")))) | I29: =IF(AND(C29="",D29=""),"",IF(E29="Yes",0.75,IF(AND(D29="Other",G29<>""),SUM(H29*G29)-H29,0))) | J29: =IF(AND(C29="",D29=""),"",IF(E29="Yes",SUM(H29*I29),H29+I29))
F30: =IF(LEFT(C30,6)="Nation","Nation",IF(LEFT(C30,6)="Sector","Sector","")) | H30: =IF(F30="Sector",VLOOKUP(C30,RPTable,2),IF(AND(C30="",D30=""),"",IF(AND(D30="Other",G30<>""),VLOOKUP(D30,RPTable,2),IF(D30<>"Other",VLOOKUP(D30,RPTable,2),"")))) | I30: =IF(AND(C30="",D30=""),"",IF(E30="Yes",0.75,IF(AND(D30="Other",G30<>""),SUM(H30*G30)-H30,0))) | J30: =IF(AND(C30="",D30=""),"",IF(E30="Yes",SUM(H30*I30),H30+I30))
F31: =IF(LEFT(C31,6)="Nation","Nation",IF(LEFT(C31,6)="Sector","Sector","")) | H31: =IF(F31="Sector",VLOOKUP(C31,RPTable,2),IF(AND(C31="",D31=""),"",IF(AND(D31="Other",G31<>""),VLOOKUP(D31,RPTable,2),IF(D31<>"Other",VLOOKUP(D31,RPTable,2),"")))) | I31: =IF(AND(C31="",D31=""),"",IF(E31="Yes",0.75,IF(AND(D31="Other",G31<>""),SUM(H31*G31)-H31,0))) | J31: =IF(AND(C31="",D31=""),"",IF(E31="Yes",SUM(H31*I31),H31+I31))
F32: =IF(LEFT(C32,6)="Nation","Nation",IF(LEFT(C32,6)="Sector","Sector","")) | H32: =IF(F32="Sector",VLOOKUP(C32,RPTable,2),IF(AND(C32="",D32=""),"",IF(AND(D32="Other",G32<>""),VLOOKUP(D32,RPTable,2),IF(D32<>"Other",VLOOKUP(D32,RPTable,2),"")))) | I32: =IF(AND(C32="",D32=""),"",IF(E32="Yes",0.75,IF(AND(D32="Other",G32<>""),SUM(H32*G32)-H32,0))) | J32: =IF(AND(C32="",D32=""),"",IF(E32="Yes",SUM(H32*I32),H32+I32))
F33: =IF(LEFT(C33,6)="Nation","Nation",IF(LEFT(C33,6)="Sector","Sector","")) | H33: =IF(F33="Sector",VLOOKUP(C33,RPTable,2),IF(AND(C33="",D33=""),"",IF(AND(D33="Other",G33<>""),VLOOKUP(D33,RPTable,2),IF(D33<>"Other",VLOOKUP(D33,RPTable,2),"")))) | I33: =IF(AND(C33="",D33=""),"",IF(E33="Yes",0.75,IF(AND(D33="Other",G33<>""),SUM(H33*G33)-H33,0))) | J33: =IF(AND(C33="",D33=""),"",IF(E33="Yes",SUM(H33*I33),H33+I33))
F34: =IF(LEFT(C34,6)="Nation","Nation",IF(LEFT(C34,6)="Sector","Sector","")) | H34: =IF(F34="Sector",VLOOKUP(C34,RPTable,2),IF(AND(C34="",D34=""),"",IF(AND(D34="Other",G34<>""),VLOOKUP(D34,RPTable,2),IF(D34<>"Other",VLOOKUP(D34,RPTable,2),"")))) | I34: =IF(AND(C34="",D34=""),"",IF(E34="Yes",0.75,IF(AND(D34="Other",G34<>""),SUM(H34*G34)-H34,0))) | J34: =IF(AND(C34="",D34=""),"",IF(E34="Yes",SUM(H34*I34),H34+I34))
... F63: =IF(LEFT(C63,6)="Nation","Nation",IF(LEFT(C63,6)="Sector","Sector","")) | H63: =IF(F63="Sector",VLOOKUP(C63,RPTable,2),IF(AND(C63="",D63=""),"",IF(AND(D63="Other",G63<>""),VLOOKUP(D63,RPTable,2),IF(D63<>"Other",VLOOKUP(D63,RPTable,2),"")))) | I63: =IF(AND(C63="",D63=""),"",IF(E63="Yes",0.75,IF(AND(D63="Other",G63<>""),SUM(H63*G63)-H63,0))) | J63: =IF(AND(C63="",D63=""),"",IF(E63="Yes",SUM(H63*I63),H63+I63))

Sheet Data
A1: Economy Type | E1: Planet Productivity | F1: RPs | H1: RP Calc Table | K1: Nation Planet Bonus
A2: Gearing Up | B2: 0.75 | E2: Nation Capital | F2: 1000 | H2: Colony (Stage 1) | I2: -30 | K2: 1 | L2: 100
A3: Peacetime | B3: 0.5 | E3: Sector Capital (Major) | F3: 900 | H3: Colony (Stage 2) | I3: 0 | K3: 2 | L3: 100
A4: Recession | B4: 0.25 | E4: Sector Capital (Minor) | F4: 800 | H4: Colony (Stage 3) | I4: 30 | K4: 3 | L4: 100
A5: Wartime | B5: 1 | E5: Major Industrial World | F5: 700 | H5: Colony (Stage 4) | I5: 50 | K5: 4 | L5: 100
A6: Pre-warp? | E6: Minor Industrial World | F6: 600 | H6: Colony (Stage 5) | I6: 80 | K6: 5 | L6: 100
E7: Colony (Stage 9) | F7: 500 | H7: Colony (Stage 6) | I7: 100 | K7: 6 | L7: 100
A8: Yes | E8: Colony (Stage 8) | F8: 500 | H8: Colony (Stage 7) | I8: 130 | K8: 7 | L8: 100
E9: Colony (Stage 7) | F9: 250 | H9: Colony (Stage 8) | I9: 150 | K9: 8 | L9: 100
E10: Colony (Stage 6) | F10: 400 | H10: Colony (Stage 9) | I10: 180 | K10: 9 | L10: 100
E11: Colony (Stage 5) | F11: 200 | H11: Major Industrial World | I11: 400 | K11: 10 | L11: 100
E12: Colony (Stage 4) | F12: 180 | H12: Minor Industrial World | I12: 200 | K12: 11 | L12: 100
E13: Colony (Stage 3) | F13: 150 | H13: Non-resource | I13: 0 | K13: 12 | L13: 100
E14: Colony (Stage 2) | F14: 130 | H14: Other | I14: 10 | K14: 13 | L14: 100
E15: Colony (Stage 1) | F15: 100 | H15: Pre-warp | I15: 0.75 | K15: 14 | L15: 100
E16: Other | F16: 80 | H16: Sector Capital (Major) | I16: 500 | K16: 15 | L16: 100
E17: Non-resource | F17: 50 | H17: Sector Capital (Minor) | I17: 250 | K17: 16 | L17: 100
F18: 30 | K18: 17 | L18: 100
F19: 0 | K19: 18 | L19: 100
F20: -30 | K20: 19 | L20: 100
F21: fixed amount | K21: 20 | L21: 100
F22: 0 | K22: 21 | L22: 100
K23: 22 | L23: 100
K24: 23 | L24: 100
K25: 24 | L25: 100
K26: 25 | L26: 100
K27: 26 | L27: 100
K28: 27 | L28: 100
K29: 28 | L29: 100
K30: 29 | L30: 100
K31: 30 | L31: 100
K32: 31 | L32: 100
K33: 32 | L33: 100
K34: 33 | L34: 100
... K101: 100 | L101: 600
